 Dungeon Crawl Stone Soup version 0.28-a0-1429-gf3d713df7a (webtiles) character file.

Game seed: 2773629975890461018

12089 tatocazan the Cleaver (level 11, -5/86 HPs)
             Began as a Demonspawn Fighter on Jan 8, 2022.
             Was a High Priest of Okawaru.
             Slain by an orange demon (7 damage)
             ... summoned by a kobold demonologist
             ... in the Arena.
             The game lasted 00:16:31 (16116 turns).

tatocazan the Cleaver (Demonspawn Fighter)         Turns: 16116, Time: 00:16:32

Health: -5/86      AC:  4    Str: 22      XL:     11   Next: 57%
Magic:  11/17      EV:  8    Int: 11 (12) God:    Okawaru [*****.]
Gold:   659        SH: 11    Dex: 12      Spells: 10/10 levels left

rFire   . . .      SeeInvis .   K - +2 hand axe (flame)
rCold   . . .      Faith    .   c - +0 buckler
rNeg    . . .      Spirit   .   k - +0 plate armour
rPois   .          Reflect  .   w - +2 hat {Int+3}
rElec   .          Harm     .   o - +0 cloak
rCorr   .          Rampage  .   (no gloves)
Will    .....                   (no boots)
Stlth   ..........              (no amulet)
HPRegen 0.24/turn               (no ring)
MPRegen 0.15/turn               (no ring)

@: lethally poisoned (-5 -> -17), corroded, duelling
A: claws 1, large bone plates 2, foul stench 2, condensation shield
a: Renounce Religion, Heroism, Finesse, Duel


You were in the Arena.
You worshipped Okawaru.
Okawaru was extremely pleased with you.
You visited 2 branches of the dungeon, and saw 12 of its levels.
You also visited: Sewer.

You collected 659 gold pieces.

Inventory:

Hand Weapons
 j - a +2 whip of draining
 u - a +2 hand axe of draining
 B - the +9 shortbow of the Modern Artisans {venom, rCorr}
   (You found it on level 8 of the Dungeon)

   Any ammunition fired from it poisons the flesh of those it strikes.
   rCorr:     It protects you from acid and corrosion.
 K - a +2 hand axe of flaming (weapon)
Missiles
 l - 4 atropa-tipped darts (quivered)
Armour
 b - a +0 scale mail
 c - a +0 buckler (worn)
 k - a +0 plate armour (worn)
 o - a +0 cloak (worn)
 w - a +2 hat of intelligence (worn)
 J - a +0 cloak
Jewellery
 q - a ring of fire
Wands
 n - a wand of digging (4)
 s - a wand of iceblast (4)
 z - a wand of flame (20)
 G - a wand of acid (7)
Scrolls
 a - a scroll of blinking
 d - a scroll of fear
 e - 2 scrolls of immolation
 f - 2 scrolls of fog {unknown}
 g - 5 scrolls of identify
 i - a scroll of summoning
 v - a scroll of vulnerability
 x - a scroll of silence {unknown}
 y - a scroll of enchant armour {unknown}
 A - 2 scrolls of magic mapping
 C - a scroll of noise {unknown}
 E - a scroll of torment {unknown}
 H - a scroll of enchant weapon {unknown}
Potions
 h - 2 potions of degeneration
 m - a potion of cancellation
 r - 5 potions of might
 t - a potion of brilliance
 D - 2 potions of ambrosia
 I - a potion of haste


   Skills:
 + Level 7.9 Fighting
 * Level 9.7 Axes
 + Level 7.3 Armour
 + Level 5.7 Dodging
 + Level 7.3 Shields
 + Level 8.1 Invocations


You had 10 spell levels left.
You didn't know any spells.
Your spell library contained the following spells:

 Spells                   Type           Power      Damage    Failure   Level
 Magic Dart               Conj           0%         1d3       100%        1
 Sting                    Tmut/Pois      0%         1d3       100%        1
 Corpse Rot               Necr/Air       0%         N/A       100%        2
 Poisonous Vapours        Pois/Air       0%         N/A       100%        2
 Gell's Gravitas          Tloc           0%         N/A       100%        3
 Lesser Beckoning         Tloc           0%         N/A       100%        3
 Mephitic Cloud           Conj/Pois/Air  0%         N/A       100%        3
 Portal Projectile        Hex/Tloc       0%         N/A       100%        3
 Teleport Other           Tloc           0%         N/A       100%        3
 Dispel Undead            Necr           0%         3d6       100%        4
 Hailstorm                Conj/Ice       0%         3d3       100%        4
 Ice Form                 Ice/Tmut       0%         N/A       100%        4
 Olgreb's Toxic Radiance  Pois           0%         N/A       100%        4
 Blade Hands              Tmut           0%         N/A       100%        5
 Excruciating Wounds      Necr           0%         N/A       100%        5
 Irradiate                Conj/Tmut      0%         3d13      100%        5
 Dragon Form              Tmut           0%         N/A       100%        7
 Call Imp                 Summ           Unusable   N/A       N/A         2
 Death Channel            Necr           Unusable   N/A       N/A         6
 Simulacrum               Ice/Necr       Unusable   N/A       N/A         6

Dungeon Overview and Level Annotations

Branches:
Dungeon (11/15)            Temple (1/1) D:5            Lair (0/6) D:11
    Orc (0/2) D:10          Sewer (visited)

Altars:
Ashenzari
Cheibriados
Dithmenos
Elyvilon
Fedhas
Gozag
Hepliaklqana
Kikubaaqudgha
Nemelex Xobeh
Okawaru
Qazlal
Ru
Sif Muna
Trog
Uskayaw
Vehumet
Wu Jian
Xom
Zin
The Shining One


Innate Abilities, Weirdness & Mutations

You have sharp fingernails.
You are mostly covered in large bone plates. (SH +6)
You sometimes emit foul miasma when damaged in melee.
A meltable shield of frost defends you. (SH +0)


Message History

The kobold demonologist is moderately wounded.
You hit the neqoxec but do no damage. The neqoxec barely misses you.
The kobold demonologist mumbles some strange words.
You hit the kobold demonologist but do no damage.
The kobold demonologist is moderately wounded.
You closely miss the neqoxec.
You hit the orange demon but do no damage.
The neqoxec gestures at you.
Something tries to feed on your intellect!
You hit the kobold demonologist but do no damage.
The kobold demonologist is moderately wounded.
You hit the orange demon. You burn the orange demon.
You hit the neqoxec but do no damage.
You block the kobold demonologist's attack.
The orange demon stings you.
* * * LOW HITPOINT WARNING * * *
You are lethally poisoned!
The orange demon poisons you!
You emit a cloud of foul miasma!
The orange demon hits you but does no damage.
You block the neqoxec's attack.
You take 2 damage, and have 9/86 hp.
You miss the kobold demonologist.
The kobold demonologist is moderately wounded.
You hit the orange demon but do no damage.
You hit the neqoxec but do no damage.
* * * LOW HITPOINT WARNING * * *
You feel very sick.
The kobold demonologist gestures wildly while chanting.
You block the orange demon's attack. The orange demon barely misses you.
The neqoxec barely misses you.
You take 4 damage, and have 5/86 hp.
You hit the kobold demonologist. You burn the kobold demonologist.
The kobold demonologist is heavily wounded.
You hit the neqoxec but do no damage. You hit the orange demon.
You burn the orange demon.
* * * LOW HITPOINT WARNING * * *
You feel very sick.
You block the kobold demonologist's attack.
The orange demon barely misses you. The orange demon hits you!
You die...

###########
#..pppp...#
#.▓▓▓▓▓▓▓.#
#p▓...4.▓p#
#▓▓..K..▓p#
#∩▓..@3.▓p#
#▓▓..4..▓p#
#p▓.....▓p#
#.▓▓▓▓▓▓▓.#
#..pppp...#
###########


You could see an orange demon (summoned), a hellwing (summoned), a kobold
demonologist and a neqoxec (summoned).

Vanquished Creatures
  5 two-headed ogres
  An ugly thing (D:10)
  A cyclops (D:8)
  A komodo dragon (D:11)
  4 trolls
  A shadow (D:8)
  A wraith (D:7)
  A wyvern (D:11)
  7 yaks
  A basilisk (D:11)
  3 vampire mosquitoes
  Grum (D:10)
  3 water moccasins
  2 acid dragons (D:10)
  A sky beast (D:7)
  5 orc warriors
  A hornet zombie (D:6)
  2 ice beasts
  A black bear (D:11)
  An ogre (D:6)
  3 centaurs
  4 wolves (D:10)
  3 kobold brigands
  A phantom (D:6)
  Blork the orc (D:6)
  A scorpion (D:6)
  17 killer bees
  10 centaur zombies
  A jelly (D:8)
  2 hounds (D:5)
  4 orc priests
  2 bullfrog skeletons (D:5)
  A centaur skeleton (D:7)
  Jessica (D:2)
  5 iguanas
  Natasha (D:2)
  11 orc wizards
  A hell rat (Sewer)
  A howler monkey zombie (D:9)
  7 adders
  2 river rats (Sewer)
  A white imp (D:7)
  An ufetubus (D:4)
  2 worms (D:5)
  3 dart slugs
  52 orcs
  7 ball pythons
  3 bats
  8 endoplasms
  3 giant cockroaches
  13 goblins
  7 hobgoblins
  2 jackals (D:1)
  6 quokkas
  6 frilled lizards
  31 kobolds
  8 rats
275 creatures vanquished.

Vanquished Creatures (others)
  4 plants
4 creatures vanquished.

Grand Total: 279 creatures vanquished

Notes
Turn   | Place    | Note
-------+----------+-------------------------------------------
     0 | D:1      | tatocazan the Demonspawn Fighter began the quest for the
                  | Orb.
     0 | D:1      | Reached XP level 1. HP: 18/18 MP: 1/1
   498 | D:1      | Reached skill level 2 in Axes
   498 | D:1      | Gained mutation: You may rarely emit foul miasma when
                  | damaged in melee. [demonic ancestry]
   498 | D:1      | Reached XP level 2. HP: 22/24 MP: 2/2
  1007 | D:1      | Found a faded altar of an unknown god.
  1059 | D:1      | Gained mutation: You are partially covered in large bone
                  | plates. (SH +4) [demonic ancestry]
  1059 | D:1      | Reached XP level 3. HP: 24/24 MP: 3/3
  1993 | D:2      | Gained mutation: You have sharp fingernails. [demonic
                  | ancestry]
  1993 | D:2      | Reached XP level 4. HP: 31/35 MP: 4/4
  2038 | D:2      | Noticed Natasha
  2053 | D:2      | Killed Natasha
  2164 | D:2      | Noticed Jessica
  2168 | D:2      | Killed Jessica
  2169 | D:2      | Reached skill level 3 in Axes
  2476 | D:2      | Gained mutation: You are mostly covered in large bone
                  | plates. (SH +6) [demonic ancestry]
  2476 | D:2      | Reached XP level 5. HP: 42/42 MP: 5/5
  3203 | D:3      | Noticed an ice beast
  3214 | D:3      | Killed an ice beast
  3604 | D:4      | Gained mutation: A meltable shield of frost defends you.
                  | (SH +0) [demonic ancestry]
  3604 | D:4      | Reached XP level 6. HP: 30/48 MP: 6/6
  4572 | D:5      | Entered Level 5 of the Dungeon
  4604 | D:5      | Noticed an ice beast
  4612 | D:5      | Reached skill level 4 in Axes
  4615 | D:5      | Killed an ice beast
  4688 | D:5      | Reached XP level 7. HP: 55/55 MP: 7/7
  4853 | D:5      | Found a glowing drain.
  4987 | Sewer    | Entered a sewer
  5594 | D:5      | Found a staircase to the Ecumenical Temple.
  5609 | Temple   | Entered the Ecumenical Temple
  5724 | Temple   | Became a worshipper of Warmaster Okawaru
  5888 | D:6      | You fall into a shaft and drop 3 floors!
  5890 | D:9      | Found an opulent altar of Gozag.
  5977 | D:9      | Reached skill level 5 in Axes
  5977 | D:9      | Reached skill level 1 in Invocations
  5991 | D:9      | Reached skill level 1 in Dodging
  6000 | D:9      | Reached XP level 8. HP: 54/61 MP: 9/9
  6007 | D:9      | Reached * piety under Okawaru
  6085 | D:8      | Identified the +9 shortbow of the Modern Artisans {venom,
                  | rCorr}
  6237 | D:7      | Identified the +7 dagger of Nice Tortfeasance {vorpal,
                  | rPois Str+3 Int+2 SInv}
  6251 | D:7      | Reached skill level 5 in Fighting
  6812 | D:7      | Reached skill level 6 in Axes
  6823 | D:7      | Reached skill level 5 in Shields
  6911 | D:6      | Reached ** piety under Okawaru
  6912 | D:6      | Reached skill level 5 in Armour
  6962 | D:6      | Found a blossoming altar of Fedhas.
  7572 | D:6      | Reached XP level 9. HP: 61/68 MP: 11/11
  7663 | D:6      | Found a stormy altar of Qazlal.
  8125 | D:6      | Noticed Blork the orc
  8134 | D:6      | Killed Blork the orc
  8586 | D:7      | Reached *** piety under Okawaru
  8908 | D:8      | Found a radiant altar of Vehumet.
  8929 | D:8      | Reached skill level 7 in Axes
  8990 | D:8      | Found an ancient bone altar of Kikubaaqudgha.
  9184 | D:8      | Found an ornate altar of the Wu Jian Council.
  9262 | D:8      | Reached skill level 5 in Invocations
  9649 | D:8      | Noticed a cyclops
  9651 | D:8      | Noticed a troll
  9657 | D:8      | Killed a troll
  9660 | D:8      | Killed a cyclops
  9660 | D:8      | Reached **** piety under Okawaru
  9661 | D:8      | Reached XP level 10. HP: 41/77 MP: 12/14
 10793 | D:10     | Entered Level 10 of the Dungeon
 10893 | D:10     | Reached skill level 8 in Axes
 11044 | D:10     | Noticed a two-headed ogre
 11050 | D:10     | Killed a two-headed ogre
 11343 | D:10     | Found a shadowy altar of Dithmenos.
 11424 | D:10     | Noticed Grum
 11425 | D:10     | Noticed a two-headed ogre
 11439 | D:10     | Reached ***** piety under Okawaru
 11454 | D:10     | Killed a two-headed ogre
 11461 | D:10     | Killed Grum
 12075 | D:10     | Found a staircase to the Orcish Mines.
 12553 | D:10     | Found a shimmering altar of Xom.
 12555 | D:10     | Found a stormy altar of Qazlal.
 12557 | D:10     | Found an iron altar of Okawaru.
 12557 | D:10     | Found a hazy altar of Hepliaklqana.
 12557 | D:10     | Found a shimmering altar of Xom.
 12690 | D:11     | Reached skill level 5 in Dodging
 13161 | D:11     | Received a gift from Okawaru
 13161 | D:11     | Found the +4 robe of Folly {Brilliance Will-∞ Int+8}
 13162 | D:11     | Gained mutation: You sometimes emit foul miasma when
                  | damaged in melee. [demonic ancestry]
 13162 | D:11     | Reached XP level 11. HP: 84/84 MP: 16/16
 13185 | D:11     | Reached skill level 9 in Axes
 13716 | D:11     | Found a staircase to the Lair.
 13752 | D:11     | Noticed a two-headed ogre
 13754 | D:11     | Noticed a cyan ugly thing
 14015 | D:10     | Killed a cyan ugly thing
 14662 | D:11     | Killed a two-headed ogre
 14742 | D:11     | Noticed a two-headed ogre
 15361 | D:11     | Noticed a two-headed ogre
 15378 | D:11     | Killed a two-headed ogre
 15573 | D:11     | Noticed a two-headed ogre
 15586 | D:11     | Killed a two-headed ogre
 15601 | D:11     | Noticed a four-headed hydra
 15601 | D:11     | Noticed a death knight
 15601 | D:11     | Noticed a boulder beetle
 15606 | D:11     | Noticed a boulder beetle
 16106 | Arena    | Entered the Arena
 16116 | Arena    | HP: 2/86 [poisoned by an orange demon]
 16116 | Arena    | Slain by an orange demon

Illustrated notes

Levels and vault maps discovered:
D:1:      minmay_arrival_shattered_statue, layout_basic,
          hellmonk_ecumenical_altar_inner_sanctum
D:2:      layout_basic, uniq_jessica, uniq_natasha
D:3:      layout_loops_ring, mainiacjoe_overflow_tiny_flanked,
          serial_bayou_pond_b
D:4:      layout_basic
D:5:      layout_loops_ring, minmay_temple_entry_fiery, gup_sewer_entry_bubbles,
          minmay_misc_feat_four_crosses
D:6:      layout_gridville, mainiacjoe_overflow_24_doors, fedhas_altar_1,
          hangedman_decor_opposing, nrook_pool_corridor,
          chequers_serial_rivers_micro_a, uniq_blork_the_orc
D:7:      kennysheep_spiral_hall, layout_basic
D:8:      layout_basic, mainiacjoe_overflow_cross_hatched, lemuel_doored_altar,
          mainiacjoe_overflow_alcove_2
D:9:      layout_rooms, amcnicky_altar_gilded
D:10:     layout_irregular_city, doesnt_xom_only_xom, marbit_many_paths,
          hiddenorc2_lemuel, hangedman_abyss_or_decor_lesser_grid, uniq_grum
D:11:     minmay_the_grid_triangle_9x9_line_8_mashed
          [minmay_the_grid_triangle_9x9_pentomino_pain,
          minmay_the_grid_triangle_9x9_alien,
          minmay_the_grid_triangle_9x9_dagger,
          minmay_the_grid_triangle_9x9_odd_lines,
          minmay_the_grid_triangle_9x9_semitri,
          minmay_the_grid_triangle_9x9_skeleton,
          minmay_the_grid_triangle_9x9_cache,
          minmay_the_grid_triangle_9x9_prize_top_heavy], layout_basic,
          david_lair_generic
Temple:   cyrus_circular_temple
Arena

Skill      XL: |  1  2  3  4  5  6  7  8  9 10 11 |
---------------+----------------------------------+-----
Axes           | 2 3 4 5 6 7 8 9 |  9.7
Shields        | 3 4 5 6 7 |  7.3
Armour         | 3 4 5 6 7 |  7.3
Fighting       | 4 5 6 7 |  7.9
Invocations    | 1 3 5 7 8 |  8.1
Dodging        | 1 2 3 5 |  5.7

Action                   |  1- 3 |  4- 6 |  7- 9 | 10-12 || total
-------------------------+-------+-------+-------+-------++-------
Melee: War axe           |    57 |       |       |       ||    57
       Whip              |    29 |   149 |       |       ||   178
       Hand axe          |       |    40 |   368 |   480 ||   888
Throw: Dart              |       |       |       |     4 ||     4
Invok: Heroism           |       |       |       |     1 ||     1
       Duel              |       |       |       |     1 ||     1
Evoke: Wand              |       |       |       |     6 ||     6
  Use: Potion            |       |     1 |     5 |     3 ||     9
       Scroll            |       |       |       |     7 ||     7
Armor: Scale mail        |    21 |       |       |       ||    21
       Plate armour      |    19 |    76 |   158 |   302 ||   555
       Skin              |       |       |       |     3 ||     3
Dodge: Dodged            |    29 |    28 |    79 |   114 ||   250
Block: Buckler           |    22 |    99 |   299 |   428 ||   848

Table legend: (Time is in decaauts)
 A = Elapsed time spent in this place.
 B = Non-inter-level travel time spent in this place.
 C = Inter-level travel time spent in this place.
 D = Time resting spent in this place.
 E = Time spent auto-exploring this place.
 F = Levels seen in this place.
 G = Mean time per level.
                   A        B        C        D        E       F      G
               +--------+--------+--------+--------+--------+-----+--------+
         Total |  16214 |  15914 |    300 |   5320 |   8293 |  14 | 1158.1 |
       Dungeon |  15888 |  15594 |    294 |   5220 |   8168 |  11 | 1444.4 |
        Temple |    122 |    116 |      6 |    100 |      0 |   1 |  122.0 |
         Sewer |    194 |    194 |      0 |      0 |    125 |   1 |  194.0 |
         Arena |      8 |      8 |      0 |      0 |      0 |   1 |    8.0 |
               +--------+--------+--------+--------+--------+-----+--------+

Top non-repeatable levels by time:
    D:10: 4178 daAuts
     D:8: 1609 daAuts
     D:1: 1559 daAuts
     D:7: 1521 daAuts
     D:5: 1324 daAuts
     D:2: 1172 daAuts
    D:11: 1093 daAuts
     D:6: 1026 daAuts
     D:4: 1008 daAuts
     D:3: 867 daAuts
     D:9: 527 daAuts
   Sewer: 194 daAuts
  Temple: 122 daAuts
   Arena: 8 daAuts
